 Dungeon Crawl Stone Soup version 0.14.0-25-g43f8a4e (webtiles) character file.

449 Chiseanne the Skirmisher (level 6, -1/52 HPs)
             Began as a Hill Orc Wanderer on Apr 24, 2014.
             Slain by a green rat (6 damage)
             ... summoned by Eustachio
             ... on Level 4 of the Dungeon.
             The game lasted 00:09:13 (3018 turns).

Chiseanne the Skirmisher (Hill Orc Wanderer)        Turns: 3018, Time: 00:09:14

HP  -1/52        AC  4     Str 14      XL: 6   Next: 48%
MP   7/7         EV 11     Int 18      God:
Gold 125         SH  0     Dex 12      Spells:  3 memorised,  0 levels left

rFire  . . .     SeeInvis .     z - +0,+1 whip (pain)
rCold  . . .     Clarity  .     l - +0 leather armour
rNeg   . . .     Conserve .     (no shield)
rPois  .         rCorr    .     (no helmet)
rElec  .         rRot     .     (no cloak)
SustAb . .       Spirit   .     b - +0 pair of gloves
rMut   .         Warding  .     (no boots)
Saprov + . .     Stasis   .     (no amulet)
MR     .....                    (no ring)
                                (no ring)

@: brilliant, very slightly contaminated, hasted, very quick, not resistant to
hostile enchantments, unstealthy
A: saprovore 1
a: no special abilities


You were on level 4 of the Dungeon.
You were not hungry.

You visited 1 branch of the dungeon, and saw 4 of its levels.

You collected 125 gold pieces.

Inventory:

Hand weapons
 e - a +0,+0 dagger
 w - a +0,+0 crossbow
 z - a +0,+1 whip of pain (weapon)
Armour
 b - a +0 pair of gloves (worn)
 l - a +0 leather armour (worn)
 v - a +0 scale mail
Comestibles
 d - 2 bread rations
 g - a meat ration
 t - 3 pears
 u - 3 apricots
Scrolls
 a - 3 scrolls of fear
 j - 2 scrolls of magic mapping {unknown}
 k - 5 scrolls of identify {unknown}
 m - a scroll of remove curse {unknown}
 n - 2 scrolls of enchant armour {unknown}
 p - 2 scrolls of random uselessness {unknown}
 r - a scroll of teleportation {unknown}
 s - a scroll of enchant weapon II {unknown}
Jewellery
 A - an uncursed ring of ice
Potions
 c - a potion of brilliance
 i - 2 potions of curing
 q - a potion of magic {unknown}
 x - a potion of invisibility {unknown}
Books
 h - a book of Enchantments

   Spells                             Type                      Level
   Cause Fear                         Hexes                        4
   Silence                            Hexes/Air                    5
   Tukima's Dance                     Hexes                        5
   Deflect Missiles                   Charms/Air                   6
   Haste                              Charms                       6
   Discord                            Hexes                        8
 y - a book of Burglary

   Spells                             Type                      Level
   *Apportation                       Translocation                1
   *Swiftness                         Charms/Air                   2
   *Passwall                          Transmutation/Earth          3
   Passage of Golubria                Translocation                4
   Lee's Rapid Deconstruction         Earth                        5
   Darkness                           Hexes                        7


   Skills:
 - Level 4.1 Fighting
   Level 1.1 Polearms
 - Level 2.6 Crossbows
 - Level 3.5 Armour
 - Level 2.8 Dodging
 - Level 1.5 Stealth
 * Level 0.8 Spellcasting
 * Level 1.1 Charms
 * Level 1.0 Air Magic
   Level 1.2 Invocations


You couldn't memorise any spells.
You knew the following spells:

 Your Spells              Type           Power        Failure   Level  Hunger
a - Swiftness             Chrm/Air       ###.....     2%          2    ###....
b - Apportation           Tloc           ##........   2%          1    ##.....
c - Passwall              Trmt/Erth      ##........   11%         3    ####...


Dungeon Overview and Level Annotations

Branches:
Dungeon (4/15)
 Temple: D:4-7

Altars:
Cheibriados
Fedhas

Annotations:
D:4 Eustachio


Innate Abilities, Weirdness & Mutations

You can tolerate rotten meat.


Message History

Eustachio blinks!
The quokka bites you but does no damage.
You barely miss the green rat. The green rat barely misses you.
The green rat barely misses you.
You hit the green rat.
The green rat is moderately wounded.
The quokka barely misses you.
You hit the green rat.
The green rat is heavily wounded.
The green rat bites you.
The green rat bites you but does no damage.
The green rat bites you.
* * * LOW HITPOINT WARNING * * *
The quokka barely misses you.
You closely miss the green rat.
The green rat is heavily wounded.
The green rat bites you!
* * * LOW HITPOINT WARNING * * *
The green rat bites you.
You die...

..# #.#..# .....#
#.##.##### #..(..#
#.##...... #.....#
..######## #....(. ###
#.....#. #.....#.##..
#...rr#.#..###.....#
#...r@#.#..........#
######r#.....#......#
#....@.#.#...#......#
#.###).#.....#......#
#.# #..#.##..#......###
#.# #..)............'..
#.###...%.#)###.....###
#........[()%..........
####.##...#.(.#.#######


You could see Eustachio, 3 green rats and a quokka.

Vanquished Creatures
  A scorpion (D:4)
  2 hounds (D:4)
  An orc priest (D:3)
  2 ogre skeletons (D:4)
  5 adders
  2 giant mites
  2 worms
  3 giant geckos
  2 oozes
  9 orcs
  6 giant cockroaches
  3 hobgoblins
  3 jackals (D:4)
  8 kobolds
  2 quokkas (D:4)
  8 bats
  A giant newt (D:4)
  8 goblins
  8 rats
76 creatures vanquished.

Notes
Turn   | Place    | Note
--------------------------------------------------------------
     0 | D:1      | Chiseanne, the Hill Orc Wanderer, began the quest for the Orb.
     0 | D:1      | Reached XP level 1. HP: 18/18 MP: 1/1
    36 | D:1      | Reached XP level 2. HP: 25/25 MP: 2/2
   129 | D:1      | Reached skill level 3 in Fighting
   355 | D:1      | Reached XP level 3. HP: 31/31 MP: 3/3
   522 | D:2      | Reached skill level 1 in Dodging
   649 | D:2      | Found a blossoming altar of Fedhas.
   872 | D:2      | Reached XP level 4. HP: 36/38 MP: 4/4
  1443 | D:3      | Reached XP level 5. HP: 46/46 MP: 5/5
  1644 | D:3      | Found a snail-covered altar of Cheibriados.
  1784 | D:4      | Reached skill level 4 in Fighting
  2327 | D:4      | Reached XP level 6. HP: 52/52 MP: 7/7
  2364 | D:4      | Learned a level 2 spell: Swiftness
  2366 | D:4      | Learned a level 1 spell: Apportation
  2749 | D:4      | Reached skill level 1 in Charms
  2749 | D:4      | Reached skill level 1 in Air Magic
  2774 | D:4      | Learned a level 3 spell: Passwall
  2996 | D:4      | Noticed Eustachio
  3018 | D:4      | Slain by a green rat

Action                   |  1- 3 |  4- 6 || total
-------------------------+-------+-------++-------
Melee: Whip              |       |    50 ||    50
 Fire: Crossbow          |    58 |   121 ||   179
  Use: Potion            |       |     6 ||     6
